 Dungeon Crawl Stone Soup version 0.30-b1-2-g02819fbbbe (webtiles) character file.

Game seed: 17158366669555490843

965 Hycrow the Fighter (level 8, -6/78 HPs)
             Began as a Hill Orc Fighter on Jan 7, 2024.
             Was a Believer of Okawaru.
             Mangled by Dowan the hobgoblin
             ... wielding a +3 dagger of venom
              (7 damage)
             ... on level 4 of the Dungeon.
             The game lasted 00:09:17 (3131 turns).

Hycrow the Fighter (Hill Orc Fighter)               Turns: 3131, Time: 00:09:18

Health: -6/78      AC:  9    Str: 21    XL:     8   Next: 15%
Magic:  8/8        EV: 11    Int:  8    God:    Okawaru [**....]
Gold:   113        SH:  4    Dex: 10    Spells: 7/7 levels left

rFire   . . .        C - +2 whip (freeze)
rCold   . . .        c - +0 buckler
rNeg    . . .        b - +0 scale mail
rPois   .            s - +0 helmet
rElec   .            (no cloak)
rCorr   .            k - +0 pair of gloves
SInv    .            (no boots)
Will    +....        (no amulet) Stlth
                     i - +5 ring of evasion
HPRegen 0.33/turn    l - ring of willpower
MPRegen 0.11/turn

%: no passive effects
@: lethally poisoned (-6 -> -29), constricted
A: no striking features
a: Renounce Religion, Heroism


You were on level 4 of the Dungeon.
You worshipped Okawaru.
Okawaru was pleased with you.
You visited 1 branch of the dungeon, and saw 4 of its levels.

You collected 113 gold pieces.

Inventory:

Hand Weapons
 a - a +0 war axe
 j - a +2 dagger of draining
 C - a +2 whip of freezing (weapon)
Armour
 b - a +0 scale mail (worn)
 c - a +0 buckler (worn)
 k - a +0 pair of gloves (worn)
 s - a +0 helmet (worn)
Jewellery
 i - a +5 ring of evasion (left hand)
 l - a ring of willpower (right hand)
 m - a ring of flight
 w - an amulet of the acrobat
 x - a ring of see invisible
 y - an amulet of guardian spirit
Wands
 t - a wand of quicksilver (5)
 A - a wand of flame (19)
 B - a wand of digging (4)
 E - a wand of polymorph (6)
Scrolls
 f - 3 scrolls of immolation {unknown}
 h - a scroll of fear {unknown}
 q - 2 scrolls of magic mapping {unknown}
 v - a scroll of enchant armour {unknown}
 D - a scroll of enchant weapon {unknown}
 F - a scroll of teleportation {unknown}
Potions
 d - a potion of might
 e - a potion of mutation {unknown}
 g - a potion of attraction {unknown}
 n - a potion of haste {unknown}
 o - 2 potions of ambrosia {unknown}
 p - 3 potions of lignification {unknown}
 u - a potion of cancellation {unknown}
 z - a potion of flight {unknown}


   Skills:
 + Level 9.3 Fighting
 - Level 6.8(7.2) Axes
 * Level 2.8(4.6) Maces & Flails
 - Level 3.2 Armour
 - Level 3.2 Shields


You had 7 spell levels left.
You didn't know any spells.
Your spell library was empty.

Dungeon Overview and Level Annotations

Branches:
Dungeon (4/15)             Temple (0/1) D:4

Altars:
Okawaru
Uskayaw
Vehumet

Shops:
D:3 =

Annotations:
D:4 Dowan


Message History

You are poisoned.
The ball python closely misses you. The ball python constricts you.
Duvessa barely misses you.
You hit Duvessa. You freeze Duvessa.
Duvessa is almost dead.
You feel sick. Dowan barely misses you. The ball python barely misses you.
The ball python constricts you.
You barely miss Dowan.
Dowan is moderately wounded.
You feel sick. Duvessa hits you with a +0 rapier.
* * * LOW HITPOINT WARNING * * *
The ball python closely misses you. The ball python constricts you.
Dowan hits you but does no damage.
You are more poisoned.
You hit Duvessa. You freeze Duvessa.
Duvessa is almost dead.
You feel very sick. You block Duvessa's attack.
The ball python closely misses you. The ball python constricts you.
You closely miss Duvessa.
Duvessa is almost dead.
You feel very sick. Dowan hits you but does no damage.
You are lethally poisoned!
Duvessa says, "My weaknesses are his strengths!"
Duvessa hits you with a +0 rapier!
* * * LOW HITPOINT WARNING * * *
You block the ball python's attack. The ball python constricts you.
You hit Duvessa. You freeze Duvessa.
You kill Duvessa!
Okawaru accepts your kill.
Dowan seems overcome with grief.
Dowan seems to find hidden reserves of power!
* * * LOW HITPOINT WARNING * * *
You feel very sick. Dowan hits you but does no damage.
You are more poisoned.
You block the ball python's attack. The ball python constricts you.
Dowan hits you with a +3 dagger of venom!
You die...

#......##......#....
#....$##.......# ≈≈≈≈
#....####.###..# .≈≈
##.#..#....# #..#
...≈.≈ #
#..........###..#
._.≈.§##
#........)†)...##
...≈.≈#.
#..###..##.....#
§§.§§§.§≈#. ###
##.#.g)S.## .§
≈§≈≈≈.## ###..@...##.
§.....## ##.#..#..###
#####..
###.#...##)..###......
#....<................
##....................
####.#........≈≈≈≈≈..
#####....≈≈≈≈≈≈≈≈≈
#...≈≈≈≈≈≈≈≈≈≈≈
#..≈≈≈≈≈≈...≈≈≈


You could see Dowan the hobgoblin (fast) and a ball python.

Vanquished Creatures
  Pikel (D:3)
  Duvessa (D:4)
  2 ogres (D:4)
  A lemure (D:4)
  An orc priest (D:3)
  A sleepcap (D:3)
  3 iguanas
  Natasha (thrice) (D:4)
  Robin (D:2)
  4 adders
  4 gnolls
  An ufetubus (D:3)
  2 worms
  A dart slug (D:2)
  8 orcs
  4 endoplasms
  2 giant cockroaches
  12 goblins
  10 hobgoblins
  4 jackals
  A quokka (D:4)
  6 ball pythons
  7 bats
  2 frilled lizards
  11 kobolds
  4 rats
97 creatures vanquished.

Vanquished Creatures (others)
  A fungus (D:3)
1 creature vanquished.

Grand Total: 98 creatures vanquished

Notes
Turn   | Place    | Note
-------+----------+-------------------------------------------
     0 | D:1      | Hycrow the Hill Orc Fighter began the quest for the Orb.
     0 | D:1      | Reached XP level 1. HP: 19/19 MP: 1/1
   280 | D:1      | Reached skill level 4 in Fighting
   367 | D:1      | Reached XP level 2. HP: 21/28 MP: 2/2
   614 | D:1      | Reached XP level 3. HP: 34/34 MP: 3/3
   813 | D:2      | Reached skill level 5 in Fighting
  1140 | D:2      | Reached XP level 4. HP: 42/42 MP: 4/4
  1228 | D:2      | Noticed Robin
  1249 | D:2      | Killed Robin
  1777 | D:2      | Reached XP level 5. HP: 43/50 MP: 5/5
  1840 | D:2      | Reached skill level 6 in Fighting
  1895 | D:3      | Found an iron altar of Okawaru.
  1907 | D:3      | Became a worshipper of Warmaster Okawaru
  1945 | D:3      | Found Fusob's Jewellery Shop.
  2036 | D:3      | Found a faded altar of an unknown god.
  2291 | D:4      | Found a radiant altar of Vehumet.
  2415 | D:4      | Noticed a lemure
  2442 | D:3      | Reached skill level 5 in Axes
  2442 | D:3      | Reached XP level 6. HP: 24/58 MP: 6/6
  2587 | D:4      | Noticed Natasha
  2601 | D:4      | Killed Natasha
  2618 | D:3      | Reached skill level 7 in Fighting
  2761 | D:4      | Noticed Natasha
  2764 | D:4      | Reached * piety under Okawaru
  2769 | D:4      | Killed Natasha
  2775 | D:4      | Noticed Pikel
  2790 | D:3      | Killed Pikel
  2790 | D:3      | Reached ** piety under Okawaru
  2791 | D:3      | Reached skill level 9 in Fighting
  2791 | D:3      | Reached XP level 7. HP: 57/70 MP: 7/7
  2840 | D:4      | Noticed Natasha
  2847 | D:4      | Killed Natasha
  2873 | D:4      | Found a hide-covered altar of Uskayaw.
  2875 | D:4      | Found a staircase to the Ecumenical Temple.
  2976 | D:4      | Reached skill level 1 in Maces & Flails
  2983 | D:4      | Reached XP level 8. HP: 51/78 MP: 8/8
  3088 | D:4      | Noticed Duvessa
  3089 | D:4      | Noticed Dowan
  3119 | D:4      | Dowan changed into Dowan the hobgoblin
  3119 | D:4      | Noticed Dowan
  3131 | D:4      | Killed Duvessa
  3131 | D:4      | HP: 1/78 [poisoned by Dowan]
  3131 | D:4      | Mangled by Dowan the hobgoblin

Illustrated notes

Levels and vault maps discovered:
D:1:      dpeg_arrival_radiant, layout_basic, nicolae_grassy_gnolls
D:2:      wad_crossroads, layout_basic, uniq_robin
D:3:      layout_rooms, okawaru_trees_2, shapermc_ecumenical_altar_acropolis,
          serial_shops, nicolae_shop_behind_doors
D:4:      cheibrodos_barr_body, layout_cave_pools, mainiacjoe_overflow_paths,
          vehumet_altar_wand_db, temple_pool_b, uniq_natasha, uniq_duvessa,
          uniq_pikel

Skill      XL: |  1  2  3  4  5  6  7 |
---------------+----------------------+-----
Fighting       | 4 5 6 9 |  9.3
Axes           | 3 4 5 6 |  6.8
Maces & Flails | 2 |  2.8
Armour         | |  3.2
Shields        | |  3.2

Action                     |  1- 3 |  4- 6 |  7- 9 || total
---------------------------+-------+-------+-------++-------
  Melee: War axe           |   103 |   140 |       ||   243
         Whip              |       |       |    70 ||    70
 Invoke: Heroism           |       |       |     1 ||     1
  Evoke: Wand              |       |     6 |     2 ||     8
    Use: Potion            |       |       |     3 ||     3
 Armour: Scale mail        |    50 |    52 |    40 ||   142
  Dodge: Dodged            |    54 |   100 |    90 ||   244
  Block: Buckler           |    38 |    50 |    37 ||   125
